Workbook

Sheet 20221001
A1: 商品編號1 | B1: 商品編號2 | C1: 顏色 | D1: 尺碼 | E1: VLOOKUP | F1: 商品名稱 | G1: 單價 | H1: 馬幣分數
A2: AS001-MY | B2: AS001 | E2: =+B2&C2&D2 -> AS001 | F2: Cloth (2 per pack) (White) | G2: 120 | H2: 133
A3: AS002-MY | B3: AS002 | E3: =+B3&C3&D3 -> AS002 | F3: Cloth (White) | G3: 235 | H3: 261
A4: AS003-030-MY | B4: AS003 | C4: GRAY | E4: =+B4&C4&D4 -> AS003GRAY | F4: Stole (Gray) | G4: 430 | H4: 478
A5: AS003-060-MY | B5: AS003 | C5: WINE RED | E5: =+B5&C5&D5 -> AS003WINE RED | F5: Stole (Wine Red) | G5: 430 | H5: 478
A6: AS003-090-MY | B6: AS003 | C6: PALE YELLOW | E6: =+B6&C6&D6 -> AS003PALE YELLOW | F6: Stole (Pale Yellow) | G6: 430 | H6: 478
A7: AS003-220-MY | B7: AS003 | C7: DARK GREEN | E7: =+B7&C7&D7 -> AS003DARK GREEN | F7: Stole (Dark Green) | G7: 430 | H7: 478
A8: AS003-080-MY | B8: AS003 | C8: BLACK | E8: =+B8&C8&D8 -> AS003BLACK | F8: Stole (Black) | G8: 430 | H8: 478
A9: AS003-230-MY | B9: AS003 | C9: ROYAL BLUE | E9: =+B9&C9&D9 -> AS003ROYAL BLUE | F9: Stole (Royal Blue) | G9: 430 | H9: 478
A10: AS003-250-MY | B10: AS003 | C10: RED | E10: =+B10&C10&D10 -> AS003RED | F10: Stole (Red) | G10: 430 | H10: 478
A11: AS003-330-MY | B11: AS003 | C11: ASH BLUE | E11: =+B11&C11&D11 -> AS003ASH BLUE | F11: Stole (Ash Blue) | G11: 430 | H11: 478
A12: AS004-030-MY | B12: AS004 | C12: GRAY X WHITE | E12: =+B12&C12&D12 -> AS004GRAY X WHITE | F12: Stole (Gray x White) | G12: 430 | H12: 478
A13: AS004-060-MY | B13: AS004 | C13: WINE RED X WHITE | E13: =+B13&C13&D13 -> AS004WINE RED X WHITE | F13: Stole (Wine Red x White) | G13: 430 | H13: 478
A14: AS004-090-MY | B14: AS004 | C14: PALE YELLOW X WHITE | E14: =+B14&C14&D14 -> AS004PALE YELLOW X WHITE | F14: Stole (Pale Yellow X White) | G14: 430 | H14: 478
A15: AS004-080-MY | B15: AS004 | C15: BLACK X WHITE | E15: =+B15&C15&D15 -> AS004BLACK X WHITE | F15: Stole (Black x White) | G15: 430 | H15: 478
... A33: AS012-310-MY | B33: AS012 | C33: MINT GREEN | E33: =+B33&C33&D33 -> AS012MINT GREEN | F33: NEORON Body Wrap (Mint Green) | G33: 270 | H33: 300
A34: AS016-013-MY | B34: AS016 | C34: BLUE | D34: M | E34: =+B34&C34&D34 -> AS016BLUEM | F34: Wrist Bands (Blue) M | G34: 175 | H34: 194
A35: AS016-033-MY | B35: AS016 | C35: GRAY | D35: M | E35: =+B35&C35&D35 -> AS016GRAYM | F35: Wrist Bands (Gray) M | G35: 175 | H35: 194
A36: AS016-043-MY | B36: AS016 | C36: PURPLE | D36: M | E36: =+B36&C36&D36 -> AS016PURPLEM | F36: Wrist Bands (Purple) M | G36: 175 | H36: 194
A37: AS016-053-MY | B37: AS016 | C37: PINK | D37: M | E37: =+B37&C37&D37 -> AS016PINKM | F37: Wrist Bands (Pink) M | G37: 175 | H37: 194
A38: AS016-083-MY | B38: AS016 | C38: BLACK | D38: M | E38: =+B38&C38&D38 -> AS016BLACKM | F38: Wrist Bands (Black) M | G38: 175 | H38: 194
A39: AS016-084-MY | B39: AS016 | C39: BLACK | D39: L | E39: =+B39&C39&D39 -> AS016BLACKL | F39: Wrist Bands (Black) L | G39: 195 | H39: 217
A40: AS017-080-MY | B40: AS017 | C40: BLACK | E40: =+B40&C40&D40 -> AS017BLACK | F40: Women's Gloves (Black) | G40: 205 | H40: 228
A41: AS018-080-MY | B41: AS018 | C41: BLACK | E41: =+B41&C41&D41 -> AS018BLACK | F41: Men's Gloves (Black) | G41: 250 | H41: 278
A42: AS020-080-MY | B42: AS020 | C42: BLACK | E42: =+B42&C42&D42 -> AS020BLACK | F42: UV Protection Arm Cover (Black) | G42: 260 | H42: 289
A43: AS022-040-MY | B43: AS022 | C43: PURPLE | E43: =+B43&C43&D43 -> AS022PURPLE | F43: Knitted Beanie (Purple) | G43: 355 | H43: 394
A44: AS022-060-MY | B44: AS022 | C44: WINERED | E44: =+B44&C44&D44 -> AS022WINERED | F44: Knitted Beanie(WineRed) | G44: 355 | H44: 394
A45: AS022-080-MY | B45: AS022 | C45: BLACK | E45: =+B45&C45&D45 -> AS022BLACK | F45: Knitted Beanie(Black) | G45: 355 | H45: 394
A46: AS022-230-MY | B46: AS022 | C46: ROYAL BLUE | E46: =+B46&C46&D46 -> AS022ROYAL BLUE | F46: Knitted Beanie(Royal Blue) | G46: 355 | H46: 394
A47: AS025-170-MY | B47: AS025 | C47: SERENITY BLUE | E47: =+B47&C47&D47 -> AS025SERENITY BLUE | F47: Eye Mask (Serenity Blue) | G47: 160 | H47: 178
A48: AS028-020-MY | B48: AS028 | C48: IVORY | E48: =+B48&C48&D48 -> AS028IVORY | F48: Elegant Neckwarmer (Ivory) | G48: 565 | H48: 628
A49: AS030-050-MY | B49: AS030 | C49: ROSE RED | D49: 85CM | E49: =+B49&C49&D49 -> AS030ROSE RED85CM | F49: Georgette Shawl (Rose Red) 170 x 85cm | G49: 865 | H49: 961
A50: AS030-100-MY | B50: AS030 | C50: ORANGE | D50: 85CM | E50: =+B50&C50&D50 -> AS030ORANGE85CM | F50: Georgette Shawl (Orange) 170 x 85cm | G50: 865 | H50: 961
A51: AS031-020-MY | B51: AS031 | C51: WHITE | E51: =+B51&C51&D51 -> AS031WHITE | F51: NEFFUL Cap (White) | G51: 300 | H51: 0
A52: AS033-080-MY | B52: AS033 | C52: BLACK X GRAY | E52: =+B52&C52&D52 -> AS033BLACK X GRAY | F52: Herringbone Pattern Shawl (Black x Gray) | G52: 1290 | H52: 1433
A53: AS033-090-MY | B53: AS033 | C53: YELLOW X KHAKI | E53: =+B53&C53&D53 -> AS033YELLOW X KHAKI | F53: Herringbone Pattern Shawl (Yellow x Khaki) | G53: 1290 | H53: 1433
A54: AS033-250-MY | B54: AS033 | C54: RED X GRAY | E54: =+B54&C54&D54 -> AS033RED X GRAY | F54: Herringbone Pattern Shawl (Red x Gray) | G54: 1290 | H54: 1433
A55: AS034-050-MY | B55: AS034 | C55: PINK | E55: =+B55&C55&D55 -> AS034PINK | F55: Chiffon Shawl PINK | G55: 675 | H55: 750
A56: AS034-180-MY | B56: AS034 | C56: OLIVE | E56: =+B56&C56&D56 -> AS034OLIVE | F56: Chiffon Shawl OLIVE | G56: 675 | H56: 750
A57: AS035-060-MY | B57: AS035 | C57: WINE RED X BLACK | E57: =+B57&C57&D57 -> AS035WINE RED X BLACK | F57: Spectacles Pattern Shawl (Wine Red X Black) | G57: 1290 | H57: 1433
A58: AS035-080-MY | B58: AS035 | C58: BLACK X GREY | E58: =+B58&C58&D58 -> AS035BLACK X GREY | F58: Spectacles Pattern Shawl (Black X Grey) | G58: 1290 | H58: 1433
A59: AS041-080-MY | B59: AS041 | C59: BLACK | E59: =+B59&C59&D59 -> AS041BLACK | F59: Stole (Black) 156cm x 45cm | G59: 540 | H59: 600
A60: AS041-230-MY | B60: AS041 | C60: ROYAL BLUE | E60: =+B60&C60&D60 -> AS041ROYAL BLUE | F60: Stole (Royal Blue) 156cm x 45cm | G60: 540 | H60: 600
A61: AS041-250-MY | B61: AS041 | C61: RED | E61: =+B61&C61&D61 -> AS041RED | F61: Stole (Red) 156cm x 45cm | G61: 540 | H61: 600
A62: AS042-050-MY | B62: AS042 | C62: PINK | E62: =+B62&C62&D62 -> AS042PINK | F62: Hounds-tooth Plaid Patterned Shawl (PINK) | G62: 1290 | H62: 1433
... A71: AS051-080-MY | B71: AS051 | C71: BLACK | E71: =+B71&C71&D71 -> AS051BLACK | F71: Lace Scarf (Black) | G71: 1325 | H71: 1472
A72: BI012-238-MY | B72: BI012 | C72: SKY BLUE | D72: DOUBLE | E72: =+B72&C72&D72 -> BI012SKY BLUEDOUBLE | F72: NEORON Blanket (Wavy Pattern Collection) (Sky Blue) Double | G72: 5310 | H72: 5900
A73: BI012-248-MY | B73: BI012 | C73: CHERRY PINK | D73: DOUBLE | E73: =+B73&C73&D73 -> BI012CHERRY PINKDOUBLE | F73: NEORON Blanket (Wavy Pattern Collection) (Cherry Pink) Double | G73: 5310 | H73: 5900
A74: BI012-108-MY | B74: BI012 | C74: PEACH | D74: DOUBLE | E74: =+B74&C74&D74 -> BI012PEACHDOUBLE | F74: Neoron Blanket (Wavy Pattern) (Peach) Double | G74: 5310 | H74: 5900
A75: BI012-178-MY | B75: BI012 | C75: S.BLUE | D75: DOUBLE | E75: =+B75&C75&D75 -> BI012S.BLUEDOUBLE | F75: Neoron Blanket (Wavy Pattern) (S.Blue) Double | G75: 5310 | H75: 5900
A76: BI013-057-MY | B76: BI013 | C76: PEACH | D76: SINGLE | E76: =+B76&C76&D76 -> BI013PEACHSINGLE | F76: Summer Blanket (Peach) | G76: 1890 | H76: 2100
A77: BI013-317-MY | B77: BI013 | C77: TURQUOISE | D77: SINGLE | E77: =+B77&C77&D77 -> BI013TURQUOISE SINGLE | F77: Summer Blanket (Turquise) | G77: 1890 | H77: 2100
A78: BI020W-027-MY | B78: BI020W | C78: IVORY | D78: SINGLE | E78: =+B78&C78&D78 -> BI020WIVORYSINGLE | F78: Neoron BedSheet (Ivory) Single | G78: 2115 | H78: 2350
A79: BI020W-028-MY | B79: BI020W | C79: IVORY | D79: DOUBLE | E79: =+B79&C79&D79 -> BI020WIVORYDOUBLE | F79: Neoron BedSheet (Ivory) Double | G79: 2700 | H79: 3000
A80: BI020W-177-MY | B80: BI020W | C80: SERENITY BLUE | D80: SINGLE | E80: =+B80&C80&D80 -> BI020WSERENITY BLUESINGLE | F80: Neoron BedSheet (Serenity Blue) Single | G80: 2115 | H80: 2350
A81: BI020W-178-MY | B81: BI020W | C81: SERENITY BLUE | D81: DOUBLE | E81: =+B81&C81&D81 -> BI020WSERENITY BLUEDOUBLE | F81: Neoron BedSheet (Serenity Blue) Double | G81: 2700 | H81: 3000
A82: BI020W-237-MY | B82: BI020W | C82: SKY BLUE | D82: SINGLE | E82: =+B82&C82&D82 -> BI020WSKY BLUESINGLE | F82: Neoron BedSheet (Sky Blue) Single | G82: 2115 | H82: 2350
A83: BI020W-238-MY | B83: BI020W | C83: SKY BLUE | D83: DOUBLE | E83: =+B83&C83&D83 -> BI020WSKY BLUEDOUBLE | F83: Neoron BedSheet (Sky Blue) Double | G83: 2700 | H83: 3000
... A94: BI041-028-MY | B94: BI041 | C94: IVORY | D94: DOUBLE | E94: =+B94&C94&D94 -> BI041IVORYDOUBLE | F94: NEORON Mattress Topper (Ivory) Double | G94: 2940 | H94: 3267
A95: BI091-230-MY | B95: BI091 | C95: SKY BLUE | E95: =+B95&C95&D95 -> BI091SKY BLUE | F95: PILLOW CASE (SKY BLUE) | G95: 510 | H95: 567
A96: BI091-240-MY | B96: BI091 | C96: CHERRY PINK | E96: =+B96&C96&D96 -> BI091CHERRY PINK | F96: PILLOW CASE (CHERRY PINK) | G96: 510 | H96: 567
A97: BW101-MY | B97: BW101 | D97: 120ml | E97: BW101 | F97: Neoseki Essence Toning Lotion 120ml | G97: 480 | H97: 533
A98: BW102-MY | B98: BW102 | D98: 50ML | E98: BW102 | F98: Neoseki Essence Emulsion 50ml | G98: 540 | H98: 600
A99: BW103-MY | B99: BW103 | D99: 30G | E99: BW103 | F99: Neoseki Essence Cream 30g | G99: 540 | H99: 600
A100: BW104-MY | B100: BW104 | D100: 30ML X 6 | E100: BW104 | F100: Neoseki Essence Treatment Facial Mask 30ml*6pcs | G100: 525 | H100: 583
A101: BW001-MY | B101: BW001 | E101: =+B101&C101&D101 -> BW001 | F101: Natural Beauty Soap | G101: 315 | H101: 350
A102: BW002-MY | B102: BW002 | C102: TRAVEL PACK | E102: =+B102&C102&D102 -> BW002TRAVEL PACK | F102: Natural Beauty Soap (Travel Pack) | G102: 325 | H102: 361
A103: FB-MY | B103: FB | E103: =+B103&C103&D103 -> FB | F103: Foaming Net | G103: 15 | H103: 17
A104: LS001-060-MY | B104: LS001 | C104: WINE RED | E104: =+B104&C104&D104 -> LS001WINE RED | F104: Leg Warmer (Wine Red) | G104: 435 | H104: 483
A105: LS001-080-MY | B105: LS001 | C105: BLACK | E105: =+B105&C105&D105 -> LS001BLACK | F105: Leg Warmer (Black) | G105: 435 | H105: 483
A106: LS002-010-MY | B106: LS002 | C106: NAVY BLUE | E106: =+B106&C106&D106 -> LS002NAVY BLUE | F106: Lady's Rib Socks (Navy Blue) | G106: 220 | H106: 244
A107: LS002-050-MY | B107: LS002 | C107: PINK | E107: =+B107&C107&D107 -> LS002PINK | F107: Lady's Rib Socks (Pink) | G107: 220 | H107: 244
A108: LS002-060-MY | B108: LS002 | C108: WINE RED | E108: =+B108&C108&D108 -> LS002WINE RED | F108: Lady's Rib Socks (Wine Red) | G108: 220 | H108: 244
A109: LS002-080-MY | B109: LS002 | C109: BLACK | E109: =+B109&C109&D109 -> LS002BLACK | F109: Lady's Rib Socks (Black) | G109: 220 | H109: 244
A110: LS003-010-MY | B110: LS003 | C110: NAVY BLUE | E110: =+B110&C110&D110 -> LS003NAVY BLUE | F110: Men's Rib Socks (Navy Blue) | G110: 235 | H110: 261
A111: LS003-030-MY | B111: LS003 | C111: ASH GRAY | E111: =+B111&C111&D111 -> LS003ASH GRAY | F111: Men's Rib Socks (Ash Gray) | G111: 235 | H111: 261
A112: LS003-080-MY | B112: LS003 | C112: BLACK | E112: =+B112&C112&D112 -> LS003BLACK | F112: Men's Rib Socks (Black) | G112: 235 | H112: 261
A113: LS003-340-MY | B113: LS003 | C113: LIGHT GRAY | E113: =+B113&C113&D113 -> LS003LIGHT GRAY | F113: Men's Rib Socks (Light Gray) | G113: 235 | H113: 261
A114: LS004-010-MY | B114: LS004 | C114: NAVY BLUE | E114: =+B114&C114&D114 -> LS004NAVY BLUE | F114: Long Socks (Navy Blue) | G114: 245 | H114: 272
A115: LS004-080-MY | B115: LS004 | C115: BLACK | E115: =+B115&C115&D115 -> LS004BLACK | F115: Long Socks (Black) | G115: 245 | H115: 272
... A118: LS005-060-MY | B118: LS005 | C118: WINE RED | E118: =+B118&C118&D118 -> LS005WINE RED | F118: Room Socks (Wine Red) | G118: 160 | H118: 178
A119: LS006-083-MY | B119: LS006 | C119: BLACK | D119: M | E119: =+B119&C119&D119 -> LS006BLACKM | F119: Full Length Circulation Socks (Black) M | G119: 260 | H119: 289
A120: LS006-084-MY | B120: LS006 | C120: BLACK | D120: L | E120: =+B120&C120&D120 -> LS006BLACKL | F120: Full Length Circulation Socks (Black) L | G120: 260 | H120: 289
A121: LS007-085-MY | B121: LS007 | C121: BLACK | D121: ML | E121: =+B121&C121&D121 -> LS007BLACKML | F121: Pantyhose (Black) ML | G121: 155 | H121: 172
A122: LS007-086-MY | B122: LS007 | C122: BLACK | D122: LL | E122: =+B122&C122&D122 -> LS007BLACKLL | F122: Pantyhose (Black) LL | G122: 170 | H122: 189
A123: LS007-266-MY | B123: LS007 | C123: BEIGE | D123: LL | E123: =+B123&C123&D123 -> LS007BEIGELL | F123: Pantyhose (Beige) LL | G123: 170 | H123: 189
A124: LS007-275-MY | B124: LS007 | C124: LIGHT BEIGE | D124: ML | E124: =+B124&C124&D124 -> LS007LIGHT BEIGEML | F124: Pantyhose (Light Beige) ML | G124: 155 | H124: 172
A125: LS007-276-MY | B125: LS007 | C125: LIGHT BEIGE | D125: LL | E125: =+B125&C125&D125 -> LS007LIGHT BEIGELL | F125: Pantyhose (Light Beige) LL | G125: 170 | H125: 189
A126: LS008-085-MY | B126: LS008 | C126: BLACK | D126: ML | E126: =+B126&C126&D126 -> LS008BLACKML | F126: Stretch Pants (Black) ML | G126: 340 | H126: 378
A127: LS008-086-MY | B127: LS008 | C127: BLACK | D127: LL | E127: =+B127&C127&D127 -> LS008BLACKLL | F127: Stretch Pants (Black) LL | G127: 340 | H127: 378
A128: LS008-089-MY | B128: LS008 | C128: BLACK | D128: 3L | E128: =+B128&C128&D128 -> LS008BLACK3L | F128: Stretch Pants (Black) 3L | G128: 410 | H128: 456
A129: LS011-050-MY | B129: LS011 | C129: PEACH | E129: =+B129&C129&D129 -> LS011PEACH | F129: Women's 5 Toe Socks (Peach) | G129: 165 | H129: 183
A130: LS011-080-MY | B130: LS011 | C130: BLACK | E130: =+B130&C130&D130 -> LS011BLACK | F130: Women's 5 Toe Socks (Black) | G130: 165 | H130: 183
A131: LS012-010-MY | B131: LS012 | C131: NAVY BLUE | E131: =+B131&C131&D131 -> LS012NAVY BLUE | F131: Men's 5 Toe Socks (Navy Blue) | G131: 185 | H131: 206
A132: LS012-080-MY | B132: LS012 | C132: BLACK | E132: =+B132&C132&D132 -> LS012BLACK | F132: Men's 5 Toe Socks (Black) | G132: 185 | H132: 206
A133: LS013-0118-MY | B133: LS013 | C133: NAVY BLUE | D133: 16-18CM | E133: =+B133&C133&D133 -> LS013NAVY BLUE16-18CM | F133: Children's Socks (Navy Blue) 16-18CM | G133: 135 | H133: 150
A134: LS013-0121-MY | B134: LS013 | C134: NAVY BLUE | D134: 19-21CM | E134: =+B134&C134&D134 -> LS013NAVY BLUE19-21CM | F134: Children's Socks (Navy Blue) 19-21CM | G134: 135 | H134: 150
A135: LS013-0218-MY | B135: LS013 | C135: WHITE | D135: 16-18CM | E135: =+B135&C135&D135 -> LS013WHITE16-18CM | F135: Children's Socks (White) 16-18CM | G135: 135 | H135: 150
A136: LS013-0221-MY | B136: LS013 | C136: WHITE | D136: 19-21CM | E136: =+B136&C136&D136 -> LS013WHITE19-21CM | F136: Children's Socks (White) 19-21CM | G136: 135 | H136: 150
A137: LS013-2918-MY | B137: LS013 | C137: APRICOT | D137: 16-18CM | E137: =+B137&C137&D137 -> LS013APRICOT16-18CM | F137: Children's Socks (Apricot) 16-18CM | G137: 135 | H137: 150
...

Sheet Invoice
D1: NEFFUL (MALAYSIA) SDN BHD (200601007191)(AJL931652)
D2: 妮 芙 露 ( 馬 來 西 亞 ) 私 人 有 限 公 司
A10: 此表格只用作計算或傳真之用 This form is for CALCULATION or FAX order ONLY
A13: 訂單資料 Order Information： | K13: 訂購日期 Order Date: | M13: =NOW() -> 45196.731
A14: 發票號碼 Invoice No.:
A15: 訂單號碼 Order No: | H15: 付款方法 Payment Method:
A16: 買受人號碼 Distributor No.: | H16: 現金 CASH : | K16: 信用卡 Credit Card :
A17: 買受人姓名 Name of Purchaser: | H17: 信用卡類別 Credit Card Type :
A18: 運送資料 Delivery Information : | H18: 持卡人姓名 Name of Cardholder :
A19: 自取 Self Pickup: | H19: 信用卡號碼 Credit Card No. :
A20: 送貨 Delivery: | H20: 到期日: 月/年 Exp Date: MM/YY
A21: 收貨人姓名 Name of Recipient: | H21: 信用卡檢查碼 Credit Card CVV :
A22: 收件人地址 Delivery Address: | H22: 持卡人簽署 : CardHolder Authorised Signature :
A24: 收件人電話 Contact No.:
B26: 商品編號 Product code | D26: 顏色 Color | F26: 尺碼 Size | G26: 商品名稱 Description | I26: 數量 QTY | J26: 單價 Unit Price | K26: 馬幣分數 MYR Volume | L26: 總額(馬幣) Amount (MYR) | M26: 總分數 Total Volume | P26: VLOOKUP
A27: #01 | G27: =IFERROR(VLOOKUP($P27,'20221001'!$E:$H,2,0),"") | J27: =IFERROR(VLOOKUP($P27,'20221001'!$E:$H,3,0),"") | K27: =IFERROR(VLOOKUP($P27,'20221001'!$E:$H,4,0),"") | L27: =IFERROR(J27*I27,"") | M27: =IFERROR(K27*I27,"") | P27: =+B27&D27&F27
A28: #02 | G28: =IFERROR(VLOOKUP($P28,'20221001'!$E:$H,2,0),"") | J28: =IFERROR(VLOOKUP($P28,'20221001'!$E:$H,3,0),"") | K28: =IFERROR(VLOOKUP($P28,'20221001'!$E:$H,4,0),"") | L28: =IFERROR(J28*I28,"") | M28: =IFERROR(K28*I28,"") | P28: =+B28&D28&F28
A29: #03 | G29: =IFERROR(VLOOKUP($P29,'20221001'!$E:$H,2,0),"") | J29: =IFERROR(VLOOKUP($P29,'20221001'!$E:$H,3,0),"") | K29: =IFERROR(VLOOKUP($P29,'20221001'!$E:$H,4,0),"") | L29: =IFERROR(J29*I29,"") | M29: =IFERROR(K29*I29,"") | P29: =+B29&D29&F29
A30: #04 | G30: =IFERROR(VLOOKUP($P30,'20221001'!$E:$H,2,0),"") | J30: =IFERROR(VLOOKUP($P30,'20221001'!$E:$H,3,0),"") | K30: =IFERROR(VLOOKUP($P30,'20221001'!$E:$H,4,0),"") | L30: =IFERROR(J30*I30,"") | M30: =IFERROR(K30*I30,"") | P30: =+B30&D30&F30
A31: #05 | G31: =IFERROR(VLOOKUP($P31,'20221001'!$E:$H,2,0),"") | J31: =IFERROR(VLOOKUP($P31,'20221001'!$E:$H,3,0),"") | K31: =IFERROR(VLOOKUP($P31,'20221001'!$E:$H,4,0),"") | L31: =IFERROR(J31*I31,"") | M31: =IFERROR(K31*I31,"") | P31: =+B31&D31&F31
A32: #06 | G32: =IFERROR(VLOOKUP($P32,'20221001'!$E:$H,2,0),"") | J32: =IFERROR(VLOOKUP($P32,'20221001'!$E:$H,3,0),"") | K32: =IFERROR(VLOOKUP($P32,'20221001'!$E:$H,4,0),"") | L32: =IFERROR(J32*I32,"") | M32: =IFERROR(K32*I32,"") | P32: =+B32&D32&F32
A33: #07 | G33: =IFERROR(VLOOKUP($P33,'20221001'!$E:$H,2,0),"") | J33: =IFERROR(VLOOKUP($P33,'20221001'!$E:$H,3,0),"") | K33: =IFERROR(VLOOKUP($P33,'20221001'!$E:$H,4,0),"") | L33: =IFERROR(J33*I33,"") | M33: =IFERROR(K33*I33,"") | P33: =+B33&D33&F33
A34: #08 | G34: =IFERROR(VLOOKUP($P34,'20221001'!$E:$H,2,0),"") | J34: =IFERROR(VLOOKUP($P34,'20221001'!$E:$H,3,0),"") | K34: =IFERROR(VLOOKUP($P34,'20221001'!$E:$H,4,0),"") | L34: =IFERROR(J34*I34,"") | M34: =IFERROR(K34*I34,"") | P34: =+B34&D34&F34
A35: #09 | G35: =IFERROR(VLOOKUP($P35,'20221001'!$E:$H,2,0),"") | J35: =IFERROR(VLOOKUP($P35,'20221001'!$E:$H,3,0),"") | K35: =IFERROR(VLOOKUP($P35,'20221001'!$E:$H,4,0),"") | L35: =IFERROR(J35*I35,"") | M35: =IFERROR(K35*I35,"") | P35: =+B35&D35&F35
A36: #10 | G36: =IFERROR(VLOOKUP($P36,'20221001'!$E:$H,2,0),"") | J36: =IFERROR(VLOOKUP($P36,'20221001'!$E:$H,3,0),"") | K36: =IFERROR(VLOOKUP($P36,'20221001'!$E:$H,4,0),"") | L36: =IFERROR(J36*I36,"") | M36: =IFERROR(K36*I36,"") | P36: =+B36&D36&F36
A37: #11 | G37: =IFERROR(VLOOKUP($P37,'20221001'!$E:$H,2,0),"") | J37: =IFERROR(VLOOKUP($P37,'20221001'!$E:$H,3,0),"") | K37: =IFERROR(VLOOKUP($P37,'20221001'!$E:$H,4,0),"") | L37: =IFERROR(J37*I37,"") | M37: =IFERROR(K37*I37,"") | P37: =+B37&D37&F37
A38: #12 | G38: =IFERROR(VLOOKUP($P38,'20221001'!$E:$H,2,0),"") | J38: =IFERROR(VLOOKUP($P38,'20221001'!$E:$H,3,0),"") | K38: =IFERROR(VLOOKUP($P38,'20221001'!$E:$H,4,0),"") | L38: =IFERROR(J38*I38,"") | M38: =IFERROR(K38*I38,"") | P38: =+B38&D38&F38
... A50: #24 | G50: =IFERROR(VLOOKUP($P50,'20221001'!$E:$H,2,0),"") | J50: =IFERROR(VLOOKUP($P50,'20221001'!$E:$H,3,0),"") | K50: =IFERROR(VLOOKUP($P50,'20221001'!$E:$H,4,0),"") | L50: =IFERROR(J50*I50,"") | M50: =IFERROR(K50*I50,"") | P50: =+B50&D50&F50
A51: #25 | G51: =IFERROR(VLOOKUP(P51,'20221001'!$E:$H,2,0),"") | J51: =IFERROR(VLOOKUP($P51,'20221001'!$E:$H,3,0),"") | K51: =IFERROR(VLOOKUP($P51,'20221001'!$E:$H,4,0),"") | L51: =IFERROR(J51*I51,"") | M51: =IFERROR(K51*I51,"") | P51: =+B51&D51&F51
G52: 商品總數 Total QTY: | I52: =SUM(I27:I51) -> 0 | J52: 總數 Amount： | L52: =SUM(L27:L51) -> 0 | M52: =SUM(M27:M51) -> 0
H55: 提貨人簽名 Signature of Collector
A58: 西馬運費 *訂單金額未達RM4,000需自付基本運費RM20，除非另做聲明。 *含潔淨洗劑及事業袋之訂單將征收額外運費：_x000B_> 潔淨洗劑：500ml /125ml x 6 (每瓶/組) – RM1；1200ml(每瓶) – RM2_x000B_> 事業袋：首6組 - RM20；第7組起：每組RM5，以此類推 *寄貨將於三至五個工作日內完成。 Peninsular Shipping Fees *Free delivery for orders above RM4,000. Delivery fee of RM20 will be incurred for orders below stipulated amount, unless stated otherwise. *Additional charges for orders that consists of Bio Clean Detergent and Distributor Kit are applicable as follow:_x000B_> Bio Clean Detergent: 500ml/125ml x 5 – RM1 per bottle/box; 1200ml - RM2 per bottle._x000B_> Distributor Kit: First 6 kits - RM20; every subsequent kit - RM5 each *Delivery may take 3 to 5 working days. 東馬運費 *訂單金額未達RM4,000需自付基本運費RM40，除非另做聲明。 *含潔淨洗劑及事業袋之訂單將征收額外運費：_x000B_> 潔淨洗劑：NS02/NS005(每瓶/組) – RM6；NS03(每瓶) – RM12_x000B_> 事業袋：首6組 - RM40；第7組起：每組RM10，以此類推 *寄貨將於三至五個工作日內完成。 East Malaysia Shipping Fees *Free delivery for orders above RM4,000. Delivery fee of RM40 will be incurred for orders below stipulated amount, unless stated otherwise. *Additional charges for orders that consists of Bio Clean Detergent and Distributor Kit are applicable as follow:_x000B_> Bio Clean Detergent: NS02/NS005 – RM6 per bottle/box; NS03 - RM12 per bottle._x000B_> Distributor Kit: First 6 kits - RM40; every subsequent kit - RM10 each *Delivery may take 3 to 5 working days.
A59: 商品買受人得於提示委託付款人簽名後向本公司申請委託第三人 (受託付款人、受託提貨人) 辦理付款及提領商品事宜惟若委任內容有偽造、瑕疵等情形，則應由商品買受人及受託人間協調解決，本公司不負任何賠償及法律責任，且得依法執行任何法定權利。 After the purchaser asks the entrusted payer to sign the name, can he/she apply to our company to entrust the third party (entrusted payer, entrusted person taking the delivery) to handle the payment and take the delivery of goods. In case there is fake or defect situations involved with the entrustment, it is up to the purchaser and the entrusted person to solved it through coordination. Our company will not bear any compensation or legal responsibilities. Any legal rights should be executed according to the law.
